 Dungeon Crawl Stone Soup version 0.23-a0-642-g3120c2f5a9 (webtiles) character file.

1666 HereIgoKillingAgain the Carver (level 9, -5/93 HPs)
             Began as a Barachi Skald on Dec 31, 2018.
             Slain by a yak (9 damage)
             ... on level 7 of the Dungeon.
             The game lasted 00:08:47 (6858 turns).

HereIgoKillingAgain the Carver (Barachi Skald)      Turns: 6858, Time: 00:08:47

Health: -5/93      AC: 24    Str: 19    XL:     9   Next: 1%
Magic:  12/12      EV:  2    Int: 19    God:
Gold:   237        SH:  0    Dex: 13    Spells: 9/12 levels left

rFire    . . .     SeeInvis .   j - +3 long sword (curse)
rCold    . . .     Gourm    .   (no shield)
rNeg     + + +     Faith    .   (armour currently unavailable)
rPois    +         Spirit   .   (helmet currently unavailable)
rElec    .         Reflect  +   (cloak currently unavailable)
rCorr    .         Harm     .   (gloves currently unavailable)
MR       +....     NoTele   +   (boots currently unavailable)
Stlth    +.........             c - +2 amulet of reflection
HPRegen  0.25/turn              p - ring of protection from magic
MPRegen  0.13/turn              x - +2 ring of evasion

@: confused, mighty, brilliant, tree-form, singing, can't hop, heavily drained
A: +LOS, swims
a: no special abilities


You were on level 7 of the Dungeon.
You were not hungry.
You were a tree.
You visited 2 branches of the dungeon, and saw 8 of its levels.

You collected 237 gold pieces.

Inventory:

Hand Weapons
 j - a cursed +3 long sword (weapon)
Armour
 e - a +1 pair of boots (melded)
 n - a +2 cloak (melded)
 y - the +1 scale mail "Naigoadiby" (melded) {+Fly rElec rF+ Str+2}
   (You found it on level 5 of the Dungeon)

   It affects your strength (+2).
   It protects you from fire.
   It insulates you from electricity.
   It lets you fly.
Jewellery
 c - a +2 amulet of reflection (around neck)
 p - a ring of protection from magic (left branch)
 x - a +2 ring of evasion (right branch)
 z - an uncursed ring of protection from fire
Scrolls
 b - 3 scrolls of identify
 g - a scroll of enchant armour
Potions
 i - 2 potions of flight
 k - a potion of curing
 l - a potion of mutation {unknown}
 m - 3 potions of haste
 o - 2 potions of lignification
 r - 2 potions of brilliance
 s - a potion of might
 t - 2 potions of degeneration
 u - a potion of berserk rage {unknown}
 w - a potion of invisibility {unknown}
Comestibles
 d - 8 rations


   Skills:
 - Level 2.4(1.0) Fighting
 * Level 11.6(9.9) Long Blades
 - Level 1.2(0.0) Armour
 - Level 2.1(0.8) Dodging
 - Level 2.1(0.8) Spellcasting
 - Level 4.0(2.6) Charms
 - Level 5.0(3.6) Evocations


You had 9 spell levels left.
You knew the following spells:

 Your Spells              Type           Power        Failure   Level  Hunger
a - Song of Slaying       Chrm           ###.....     1%          2    ###....
b - Infusion              Chrm           ###.         1%          1    ##.....

Your spell library contained the following spells:

 Spells                   Type           Power        Failure   Level  Hunger
 Confusing Touch          Hex            ##....       2%          1    ##.....
 Shroud of Golubria       Chrm/Tloc      ###.......   2%          2    ###....
 Regeneration             Chrm/Necr      ###.......   4%          3    ####...
 Spectral Weapon          Hex/Chrm       ###.....     4%          3    ####...
 Confuse                  Hex            ##......     7%          3    ####...
 Gell's Gravitas          Tloc           ##........   7%          3    ####...
 Petrify                  Tmut/Erth      ##......     19%         4    #####..
 Metabolic Englaciation   Hex/Ice        ##........   43%         5    ######.
 Yara's Violent Unravell  Hex/Tmut       ##........   43%         5    ######.


Dungeon Overview and Level Annotations

Branches:
Dungeon (7/15)             Temple (1/1) D:7

Altars:
Ashenzari
Cheibriados
Dithmenos
Elyvilon
Fedhas
Gozag
Hepliaklqana
Makhleb
Nemelex Xobeh
Okawaru
Qazlal
Ru
Sif Muna
Trog
Xom
Zin
The Shining One


Innate Abilities, Weirdness & Mutations

Shadows flee at your approach. (+LOS)
You can swim through water.
((You cover ground slowly.))
((You can hop short distances.))


Message History

The orc hits you but does no damage.
Unknown command.
You feel better. The yak gores you.
* * * LOW HITPOINT WARNING * * *
The orc wizard mumbles some strange words.
The orc wizard blinks!
The yak gores you but does no damage. The wight hits you with a +0 hand axe.
* * * LOW HITPOINT WARNING * * *
The orc hits you but does no damage.
You are confused.
You feel invigorated. The yak gores you.
* * * LOW HITPOINT WARNING * * *
The yak gores you but does no damage. The yak gores you.
* * * LOW HITPOINT WARNING * * *
The wight barely misses you.
The phantom blinks!
Unknown command.
You cannot move. (Use ctrl+direction or * direction to attack without moving.)
You swing at nothing.
The orc completely misses you.
The yak gores you but does no damage. x2; The yak gores you!
You die...

. ................... #.
#.##############... #.##.
##.#Y #.$.. #Y..# ....##
#.⌠Y# .... ####...#
########.#########Y(5Y...
o......oYY.........⌠.(>.5
#######♣Y...............
#YzY.......###!..#
#W5........# #.⌠.#
#..######### #...# #..#
####. #..# . #..# . #..#
. #..#


You could see 5 yaks, a phantom, a wight, an orc wizard, a shadow imp and an
orc.

Vanquished Creatures
  Grinder (D:4)
  A hippogriff (D:7)
  A yak (D:7)
  Edmund (D:4)
  A phantom (D:4)
  Blork the orc (D:6)
  A scorpion (D:7)
  A howler monkey (D:4)
  3 wights
  A hound (D:4)
  A centaur skeleton (D:4)
  6 orc wizards
  Jessica (D:3)
  2 iguanas (D:6)
  Ijyb (D:3)
  5 worker ants
  A hound skeleton (D:6)
  8 adders
  3 oozes
  An adder skeleton (D:4)
  2 dart slugs
  4 leopard geckos
  19 orcs
  4 giant cockroaches
  7 goblins
  5 hobgoblins
  A ball python (D:2)
  6 bats
  4 frilled lizards
  7 kobolds
  2 quokka skeletons
  10 rats
112 creatures vanquished.

Notes
Turn   | Place    | Note
-------+----------+-------------------------------------------
     0 | D:1      | HereIgoKillingAgain the Barachi Skald began the quest for
                  | the Orb.
     0 | D:1      | Reached XP level 1. HP: 17/17 MP: 3/3
   317 | D:1      | Reached skill level 3 in Long Blades
   317 | D:1      | Reached XP level 2. HP: 17/23 MP: 5/5
   329 | D:1      | Learned a level 2 spell: Song of Slaying
   748 | D:1      | Reached XP level 3. HP: 28/28 MP: 6/6
  1243 | D:2      | Reached skill level 4 in Long Blades
  1663 | D:2      | Reached XP level 4. HP: 34/34 MP: 7/7
  2020 | D:3      | Noticed Ijyb
  2030 | D:3      | Killed Ijyb
  2030 | D:3      | Reached skill level 5 in Long Blades
  2140 | D:3      | Noticed Jessica
  2152 | D:3      | Killed Jessica
  2152 | D:3      | Reached XP level 5. HP: 19/39 MP: 8/8
  2582 | D:3      | Found a shattered altar of Ashenzari.
  2997 | D:3      | Reached skill level 6 in Long Blades
  3408 | D:4      | Noticed Edmund
  3408 | D:4      | Noticed Grinder
  3927 | D:4      | Reached XP level 6. HP: 44/46 MP: 7/9
  3931 | D:4      | Reached skill level 7 in Long Blades
  4104 | D:5      | Entered Level 5 of the Dungeon
  4364 | D:4      | Killed Grinder
  4364 | D:4      | Reached skill level 8 in Long Blades
  4364 | D:4      | Reached XP level 7. HP: 46/51 MP: 10/10
  4447 | D:4      | Reached skill level 9 in Long Blades
  4447 | D:4      | Reached skill level 1 in Evocations
  4470 | D:4      | Killed Edmund
  4871 | D:4      | Reached skill level 10 in Long Blades
  4871 | D:4      | Reached XP level 8. HP: 41/57 MP: 11/11
  5067 | D:4      | Found a glowing silver altar of Zin.
  5067 | D:4      | Found a deep blue altar of Sif Muna.
  5067 | D:4      | Found a shadowy altar of Dithmenos.
  5277 | D:4      | Found a sacrificial altar of Ru.
  5531 | D:5      | Found a sparkling altar of Nemelex Xobeh.
  5535 | D:5      | Got a smoking scale mail
  5585 | D:5      | Found a sparkling altar of Nemelex Xobeh.
  5625 | D:5      | Found a shimmering altar of Xom.
  5697 | D:5      | Found an iron altar of Okawaru.
  5871 | D:5      | Identified the +1 scale mail "Naigoadiby" {+Fly rElec rF+
                  | Str+2} (You found it on level 5 of the Dungeon)
  6044 | D:6      | Noticed Blork the orc
  6048 | D:6      | Killed Blork the orc
  6190 | D:6      | Noticed a cyclops
  6190 | D:6      | Noticed a shadow
  6311 | D:7      | Noticed a hippogriff
  6327 | D:7      | Killed a hippogriff
  6327 | D:7      | Reached skill level 11 in Long Blades
  6377 | D:7      | Noticed a yak
  6406 | D:7      | Killed a yak
  6653 | D:7      | Found a staircase to the Ecumenical Temple.
  6653 | D:7      | Noticed a yak
  6653 | D:7      | Noticed a yak
  6654 | D:7      | Noticed a yak
  6663 | Temple   | Entered the Ecumenical Temple
  6825 | D:7      | Noticed a yak
  6825 | D:7      | Noticed a yak
  6855 | D:7      | Reached skill level 5 in Evocations
  6855 | D:7      | Reached XP level 9. HP: 19/62 MP: 9/12
  6855 | D:7      | HP: 2/93 [yak (8)]
  6858 | D:7      | Slain by a yak

Vault maps used:
D:1:      eino_arrival_cavern_c, serial_park_tiny_pond
D:2:      eino_tiny_chamber, serial_park_tiny_1, minmay_misc_feat_ornament,
          grunt_ministairs_10
D:3:      ashenzari_altar_1, first_ration, uniq_ijyb, uniq_jessica
D:4:      gammafunk_temple_overflow_forgotten, nicolae_ru_the_path_less_chosen,
          uniq_edmund, uniq_grinder
D:5:      lemuel_doored_altar, tgw_xom, basic_altar, nemelex_altar_shiori
D:6:      serial_shops, kennysheep_little_box, minmay_misc_feat_cross,
          minmay_manual_moon, uniq_blork_the_orc
D:7:      minmay_temple_entry_junction, serial_shops, nicolae_shop_behind_doors,
          gammafunk_ghost_arena
Temple:   nicolae_temple_figure_zero

Skill      XL: |  1  2  3  4  5  6  7  8 |
---------------+-------------------------+-----
Long Blades    | 3 4 5 6 8 10 11 | 11.6
Charms         | 4 |  4.0
Evocations     | 3 5 |  5.0
Fighting       | |  2.4
Armour         | |  1.2
Dodging        | |  2.1
Spellcasting   | |  2.1

Action                   |  1- 3 |  4- 6 |  7- 9 || total
-------------------------+-------+-------+-------++-------
Melee: Falchion          |    97 |   176 |   280 ||   553
       Long sword        |       |       |    15 ||    15
 Cast: Song of Slaying   |     1 |     5 |     7 ||    13
       Infusion          |       |       |     1 ||     1
 Abil: Hop               |       |     1 |     1 ||     2
Evoke: Wand              |       |     3 |    17 ||    20
  Use: Scroll            |     2 |     6 |     4 ||    12
       Potion            |       |     1 |     8 ||     9
  Eat: Ration            |     1 |     3 |     2 ||     6
       Chunk             |       |     1 |     2 ||     3
Armor: Leather armour    |    37 |    62 |    49 ||   148
       Skin              |       |       |    49 ||    49
       Scale mail        |       |       |    60 ||    60
Dodge: Dodged            |    79 |   111 |   142 ||   332
Block: Other             |     9 |    10 |    28 ||    47
       Rpst.: Falchion   |    28 |    34 |    49 ||   111
       Long sword        |       |       |    10 ||    10

Table legend:
 A = Non-vault XP
 B = Vault XP
 C = Vault XP percentage of total XP
 D = Non-vault monster count
 E = Vault monster count
 F = Vault count percentage of total count
                 A         B        C        D         E       F
            +---------+---------+-------+---------+---------+-------
      Total |    1760 |     621 |  26.1 |     105 |       7 |   6.2
            +---------+---------+-------+---------+---------+-------
        D:1 |      51 |       0 |   0.0 |      29 |       0 |   0.0
        D:2 |      37 |       2 |   5.1 |       9 |       2 |  18.2
        D:3 |     139 |      73 |  34.4 |      17 |       2 |  10.5
        D:4 |     608 |     452 |  42.6 |      28 |       2 |   6.7
        D:5 |      19 |       0 |   0.0 |       7 |       0 |   0.0
        D:6 |     119 |      94 |  44.1 |       5 |       1 |  16.7
        D:7 |     671 |       0 |   0.0 |       8 |       0 |   0.0
     Temple |     116 |       0 |   0.0 |       2 |       0 |   0.0
            +---------+---------+-------+---------+---------+-------
